 Dungeon Crawl Stone Soup version 0.22.1-2-g9c5b331383 (webtiles) character file.

120 Ihlosi the Sneak (level 5, -3/43 HPs)
             Began as a Kobold Enchanter on Dec 26, 2018.
             Slain by a sky beast (6 damage)
             ... on level 3 of the Dungeon.
             The game lasted 00:06:17 (2877 turns).

Ihlosi the Sneak (Kobold Enchanter)                 Turns: 2877, Time: 00:06:17

Health: -3/43      AC:  3    Str: 11    XL:     5   Next: 25%
Magic:  1/9        EV: 15    Int: 21    God:
Gold:   124        SH:  0    Dex: 15    Spells: 3/9 levels left

rFire    . . .     SeeInvis .   a - +0 rapier
rCold    . . .     Gourm    .   (shield restricted)
rNeg     . . .     Faith    .   b - +0 robe
rPois    .         Spirit   .   (no helmet)
rElec    .         Reflect  .   h - +0 cloak
rCorr    .         Harm     .   (no gloves)
MR       .....                  (no boots)
Stlth    ..........             (no amulet)
HPRegen  0.14/turn              i - +4 ring of intelligence
MPRegen  0.11/turn              (no ring)

@: berserking, very quick
A: small, carnivore
a: no special abilities


You were on level 3 of the Dungeon.
You were not hungry.

You visited 1 branch of the dungeon, and saw 3 of its levels.

You collected 124 gold pieces.

Inventory:

Hand Weapons
 a - a +0 rapier (weapon)
 p - a +1 dagger
Missiles
 l - 11 poisoned needles
 n - 3 needles of confusion
Armour
 b - a +0 robe (worn)
 h - a +0 cloak (worn)
Jewellery
 i - a +4 ring of intelligence (left hand)
Scrolls
 c - 5 scrolls of identify {unknown}
 e - 2 scrolls of remove curse {unknown}
 f - a scroll of teleportation {unknown}
 g - a scroll of enchant armour {unknown}
 o - a scroll of enchant weapon {unknown}
Potions
 k - a potion of agility {unknown}
 m - a potion of lignification {unknown}
Comestibles
 d - 8 rations


   Skills:
 * Level 1.5 Fighting
 * Level 2.4 Short Blades
 * Level 2.9 Dodging
 * Level 5.3 Stealth
 * Level 2.7 Spellcasting
 * Level 0.7 Conjurations
 * Level 3.5 Hexes


You had 3 spell levels left.
You knew the following spells:

 Your Spells              Type           Power        Failure   Level  Hunger
a - Corona                Hex            ###....      3%          1    None
b - Ensorcelled Hibernat  Hex/Ice        ##....       10%         2    ##.....
c - Dazzling Spray        Conj/Hex       ##....       17%         3    ###....

Your spell library contained the following spells:

 Spells                   Type           Power        Failure   Level  Hunger
 Confuse                  Hex            ###.....     10%         3    ###....
 Tukima's Dance           Hex            ###.....     10%         3    ###....


Dungeon Overview and Level Annotations

Branches:
Dungeon (3/15)

Altars:
Gozag
Makhleb
Qazlal
Vehumet


Innate Abilities, Weirdness & Mutations

You are small and have problems with some larger weapons.
You are carnivorous and can eat meat at any time.


Message History

The sky beast closely misses you.
It was a potion of berserk rage.
A red film seems to cover your vision as you go berserk!
You feel yourself moving faster!
You feel mighty! The sky beast closely misses you.
You puncture the sky beast!
The sky beast is almost dead.
The sky beast hits you.
* * * LOW HITPOINT WARNING * * *
The sky beast shocks you.
* * * LOW HITPOINT WARNING * * *
You closely miss the sky beast.
The sky beast is almost dead.
The sky beast barely misses you.
You barely miss the sky beast.
The sky beast is almost dead.
The sky beast hits you.
* * * LOW HITPOINT WARNING * * *
The sky beast shocks you.
You die...

.#.#.#.#.#.#.#.#. #.#
#.#.#.#.#.#.#.#.#.#.#.#.
.#.#.#.#.#.#.#.#.#.#.#.#
#.#.#.#.#.#.#.#.#$#.#!#
.#.#.#.#.#.#.#.#.#.#.#
#.#.#.#.#.#.#.#.#.#.#
.#.#.#.#.#.#.#(#.#.#
#.#.#.#.#.#.#.#.#.#
.#.#.#.#.#.#.#.#@#
#.#.#.#.#.#.#.#.#Y#
########.#########.? #.#
.... #.# ..... #.# ..<>.
#.# .... #.# .... ...


You could see a sky beast.

Vanquished Creatures
  4 adders (D:2)
  A gnoll (D:1)
  An ooze (D:2)
  A worm (D:2)
  3 dart slugs
  3 leopard geckos
  An orc (D:3)
  5 giant cockroaches
  2 goblins
  11 hobgoblins
  A quokka (D:3)
  3 ball pythons
  4 bats
  5 frilled lizards
  9 kobolds
  3 rats (D:1)
57 creatures vanquished.

Notes
Turn   | Place    | Note
-------+----------+-------------------------------------------
     0 | D:1      | Ihlosi the Kobold Enchanter began the quest for the Orb.
     0 | D:1      | Reached XP level 1. HP: 10/10 MP: 3/3
   496 | D:1      | Reached XP level 2. HP: 16/16 MP: 5/5
   588 | D:1      | Reached XP level 3. HP: 20/20 MP: 6/6
   699 | D:1      | Reached skill level 1 in Fighting
   732 | D:1      | Learned a level 2 spell: Ensorcelled Hibernation
   736 | D:1      | Learned a level 3 spell: Dazzling Spray
  1276 | D:2      | Reached XP level 4. HP: 17/25 MP: 7/7
  1883 | D:2      | Reached skill level 5 in Stealth
  1985 | D:2      | Reached XP level 5. HP: 22/29 MP: 4/9
  2242 | D:2      | Found an opulent altar of Gozag.
  2309 | D:2      | Found a burning altar of Makhleb.
  2309 | D:2      | Found a radiant altar of Vehumet.
  2635 | D:2      | Found a stormy altar of Qazlal.
  2865 | D:3      | Noticed a sky beast
  2877 | D:3      | Slain by a sky beast

Skill      XL: |  1  2  3  4 |
---------------+-------------+-----
Fighting       | 1 |  1.5
Short Blades   | 2 |  2.4
Stealth        | 5 |  5.3
Dodging        | |  2.9
Spellcasting   | |  2.7
Conjurations   | |  0.7
Hexes          | |  3.5

Action                   |  1- 3 |  4- 6 || total
-------------------------+-------+-------++-------
Melee: Dagger            |   102 |    94 ||   196
       Rapier            |       |    12 ||    12
 Cast: Corona            |     3 |       ||     3
       Dazzling Spray    |     2 |     3 ||     5
       Ensorcelled Hiber |       |     8 ||     8
  Use: Potion            |       |     1 ||     1
 Stab: Sleeping          |    12 |    13 ||    25
  Eat: Chunk             |     9 |     2 ||    11
Armor: Robe              |     8 |    12 ||    20
Dodge: Dodged            |    62 |    63 ||   125
